 Dungeon Crawl Stone Soup version 0.29.1-1-gd02db6906a (webtiles) character file.

Game seed: 13496553818435606660

67 Icepheonix32 the Shield-Bearer (level 4, -1/40 HPs)
             Began as a Minotaur Fighter on Oct 13, 2022.
             Killed from afar by Ijyb (14 damage)
             ... with a bolt of acid
             ... on level 3 of the Dungeon.
             The game lasted 00:01:57 (1802 turns).

Icepheonix32 the Shield-Bearer (Minotaur Fighter)   Turns: 1802, Time: 00:01:58

Health: -1/40      AC:  8    Str: 21    XL:     4   Next: 0%
Magic:  3/3        EV:  9    Int:  5    God:
Gold:   112        SH:  5    Dex: 11    Spells: 3/3 levels left

rFire   . . .      SeeInvis .   a - +1 war axe
rCold   . . .      Faith    .   c - +0 buckler
rNeg    . . .      Spirit   .   b - +0 scale mail
rPois   .          Reflect  .   (helmet restricted)
rElec   .          Harm     .   (no cloak)
rCorr   .          Rampage  .   f - +0 pair of gloves
Will    .....                   (no boots)
Stlth   ..........              (no amulet)
HPRegen 0.13/turn               (no ring)
MPRegen 0.08/turn               (no ring)

@: no status effects
A: horns 2, retaliatory headbutt
a: no special abilities


You were on level 3 of the Dungeon.
You visited 1 branch of the dungeon, and saw 3 of its levels.

You collected 112 gold pieces.

Inventory:

Hand Weapons
 a - a +1 war axe (weapon)
Armour
 b - a +0 scale mail (worn)
 c - a +0 buckler (worn)
 f - a +0 pair of gloves (worn)
Scrolls
 e - a scroll of amnesia
 j - 2 scrolls of teleportation {unknown}
 k - a scroll of poison
 l - a scroll of butterflies {unknown}
 m - a scroll of vulnerability {unknown}
Potions
 d - a potion of might
 h - a potion of flight
 i - a potion of attraction {unknown}


   Skills:
 * Level 4.2 Fighting
 + Level 3.5 Axes
 + Level 4.0 Armour
 + Level 0.1 Dodging
 + Level 0.1 Stealth
 + Level 4.4 Shields


You had 3 spell levels left.
You didn't know any spells.
Your spell library contained the following spells:

 Spells                   Type           Power      Damage    Failure   Level
 Sting                    Tmut/Pois      0%         1d3       88%         1
 Poisonous Vapours        Pois/Air       0%         N/A       95%         2
 Olgreb's Toxic Radiance  Pois           0%         N/A       100%        4


Dungeon Overview and Level Annotations

Branches:
Dungeon (3/15)

Altars:

Annotations:
D:3 Ijyb


Innate Abilities, Weirdness & Mutations

You have a pair of horns on your head.
You reflexively headbutt those who attack you in melee.


Message History

No target in view!
No target in view!
You see here a +0 short sword.
Found a potion of degeneration.
Ijyb and a hobgoblin come into view.
Ijyb is wielding a +0 club and carrying a wand of acid (13).
Found an amethyst potion.
Ijyb zaps a wand.
The bolt of acid hits you!!
Ouch! That really hurt!
The acid corrodes you!
There are monsters nearby!
You are too injured to fight recklessly!
Unknown command.
Ijyb screams, "It's all mine!"
Ijyb zaps a wand.
The bolt of acid hits you!
* * * LOW HITPOINT WARNING * * *
The acid corrodes you!
Ijyb zaps a wand.
The bolt of acid misses you.
There is a stone staircase leading up here.
You climb upwards.
There is a stone staircase leading down here.
You are no longer corroded.
HP restored.
Done exploring.
You climb downwards.
Level annotation: Ijyb
There is a stone staircase leading up here.
As you read the scroll labelled YTUMIO COETE, it crumbles to dust.
It is a scroll of enchant weapon.
Your +0 war axe glows red for a moment.
You hit the hobgoblin.
The hobgoblin is heavily wounded.
You block the hobgoblin's attack.
You hit the hobgoblin. You headbutt the hobgoblin.
You kill the hobgoblin!
Ijyb zaps a wand.
The bolt of acid hits you!!
Ouch! That really hurt!
You have reached level 4!
You feel stronger.
You barely miss Ijyb.
Ijyb zaps a wand.
The bolt of acid hits you!
You die...

#.. ..### ... ....##
#####.g #....## ....#..
##.....## .......
#.......# .......
#.......##
.......####........#
............†g...#.##
.......#..###@<.....#
....!.###.# ##.###..###
...... !## ##........#
......#.#####.#.#.#.#.#.
###.##.......###.........
#! #..#####)#.#.#.#..## .
#. ##.##..... #. #
######.##. .# #.


You could see Ijyb.

Vanquished Creatures
  2 adders (D:2)
  2 dart slugs (D:1)
  3 ball pythons
  5 endoplasms
  2 giant cockroaches (D:1)
  4 goblins
  8 hobgoblins
  6 kobolds
  A quokka (D:1)
  2 bats (D:2)
  3 frilled lizards (D:2)
  3 rats
41 creatures vanquished.

Notes
Turn   | Place    | Note
-------+----------+-------------------------------------------
     0 | D:1      | Icepheonix32 the Minotaur Fighter began the quest for the
                  | Orb.
     0 | D:1      | Reached XP level 1. HP: 19/19 MP: 0/0
   102 | D:1      | Reached XP level 2. HP: 23/27 MP: 1/1
   335 | D:1      | Found a faded altar of an unknown god.
   545 | D:1      | Reached XP level 3. HP: 29/33 MP: 2/2
  1504 | D:3      | Noticed Ijyb
  1508 | D:3      | HP: 1/33 [Ijyb/bolt of acid (15)]
  1802 | D:3      | Reached XP level 4. HP: 13/40 MP: 3/3
  1802 | D:3      | Killed from afar by Ijyb

Illustrated notes

Levels and vault maps discovered:
D:1:      nicolae_arrival_memento_mori, layout_rooms,
          shapermc_ecumenical_altar_pompeii, st_stairs_5
D:2:      wander_river, layout_loops_cross
D:3:      layout_loops_ring, serial_aquarium, aquarium_bridge_island_small
          [aquarium_subvault_small_open, aquarium_subvault_bridge,
          aquarium_subvault_wall, aquarium_subvault_bridge,
          aquarium_subvault_balcony], aquarium_window_1, aquarium_window_corner,
          aquarium_window_corner, aquarium_window_2, aquarium_view_2g,
          aquarium_pool_1, serial_shops, nicolae_lakefront_shop,
          minmay_quantized, uniq_sigmund, uniq_ijyb

Skill      XL: |  1  2  3 |
---------------+----------+-----
Shields        | 4 |  4.4
Fighting       | 4 |  4.2
Axes           | 3 |  3.5
Armour         | 4 |  4.0
Dodging        | |  0.1
Stealth        | |  0.1

Action                   |  1- 3 |  4- 6 || total
-------------------------+-------+-------++-------
Melee: War axe           |    78 |     1 ||    79
       Headbutt          |     6 |       ||     6
  Use: Scroll            |     6 |       ||     6
Armor: Scale mail        |    32 |       ||    32
Dodge: Dodged            |    41 |       ||    41
Block: Buckler           |    22 |       ||    22
